 Dungeon Crawl Stone Soup version 0.24-a0-434-gd57e52fea8 (webtiles) character file.

Game seed: 6157230174802263648

233 Gumption the Bolt Thrower (level 5, 0/45 HPs)
             Began as a Centaur Hunter on June 15, 2019.
             Slain by a wight
             ... wielding a +3 falchion
              (2 damage)
             ... on level 3 of the Dungeon.
             The game lasted 00:13:24 (2963 turns).

Gumption the Bolt Thrower (Centaur Hunter)          Turns: 2963, Time: 00:13:25

Health: 0/45       AC:  6    Str: 16    XL:     5   Next: 75%
Magic:  5/5        EV:  7    Int: 10    God:
Gold:   107        SH:  3    Dex:  9    Spells: 4/4 levels left

rFire    . . .     SeeInvis .   a - +1 hand crossbow
rCold    . . .     Gourm    .   p - +0 buckler
rNeg     . . .     Faith    .   m - +0 scale mail
rPois    .         Spirit   .   (no helmet)
rElec    .         Reflect  .   (no cloak)
rCorr    .         Harm     .   (no gloves)
MR       .....                  (no barding)
Stlth    ..........             (no amulet)
HPRegen  0.15/turn              (no ring)
MPRegen  0.09/turn              (no ring)

@: drained, very quick
A: large, hooves 3, deformed body, speed 2, tough skin 3
a: no special abilities


You were on level 3 of the Dungeon.
You were not hungry.

You visited 1 branch of the dungeon, and saw 3 of its levels.

You collected 107 gold pieces.

Inventory:

Hand Weapons
 a - a +1 hand crossbow (weapon)
 b - a +0 short sword
Missiles
 d - 30 bolts (quivered)
 g - 46 stones
 u - 3 poisoned darts
Armour
 m - a +0 scale mail (worn)
 p - a +0 buckler (worn)
Scrolls
 f - a scroll of noise {unknown}
 k - 3 scrolls of teleportation
 n - a scroll of magic mapping {unknown}
 o - a scroll of blinking {unknown}
 q - a scroll of immolation {unknown}
 r - a scroll of amnesia {unknown}
 s - a scroll of fog {unknown}
Potions
 h - 2 potions of flight {unknown}
 i - a potion of curing {unknown}
 j - 2 potions of lignification
 l - 2 potions of resistance
 t - a potion of invisibility {unknown}
Comestibles
 c - 7 chunks of flesh
 e - 7 rations


   Skills:
 + Level 3.1(2.3) Fighting
 * Level 5.7(4.8) Crossbows
 + Level 1.4(0.6) Armour
 - Level 1.3(0.6) Dodging
 - Level 0.4(0.0) Stealth
 * Level 2.1(1.2) Shields


You had 4 spell levels left.
You didn't know any spells.
Your spell library was empty.

Dungeon Overview and Level Annotations

Branches:
Dungeon (3/15)

Altars:


Innate Abilities, Weirdness & Mutations

You have hooves in place of feet.
Armour fits poorly on your strangely shaped body.
You cover ground very quickly.
You have extremely tough skin. (AC +3)


Message History

Aim: a wight, wielding a +3 falchion and wearing a +0 robe (almost destroyed)
You shoot a bolt. The bolt closely misses the wight.
The wight hits you but does no damage.
Firing (i - inventory. (/) - cycle)
d - 32 bolts (quivered)
Press: ? - help, Shift-Dir - straight line, f/p - wight
Aim: a wight, wielding a +3 falchion and wearing a +0 robe (almost destroyed)
You shoot a bolt. The bolt barely misses the wight.
The wight barely misses you.
Firing (i - inventory. (/) - cycle)
d - 31 bolts (quivered)
Press: ? - help, Shift-Dir - straight line, f/p - wight
Aim: a wight, wielding a +3 falchion and wearing a +0 robe (almost destroyed)
You shoot a bolt.
The bolt hits the wight but does no damage.
The wight is almost destroyed.
The wight hits you with a +3 falchion.
* * * LOW HITPOINT WARNING * * *
The wight hits you with a +3 falchion.
* * * LOW HITPOINT WARNING * * *
You feel drained.
You die...

## #).......#
#.)##....#
#........####
#........##..
#...#.......#
###...#.####..#
###...#<#.# #.#
#...#.#...#
##.###.#
#........##
#.@z(.(#
##.####.#.#
###.###(.#
#..####...# #...#
..#
..###....####.###
. ......##.###..#
#.#####..##..##
..# #.###.##
#.#####.##..#
........#..##


You could see a wight.

Vanquished Creatures
  A bullfrog (D:3)
  A howler monkey (D:2)
  A jelly (D:3)
  3 gnolls (D:3)
  2 adders (D:3)
  A worm (D:2)
  2 dart slugs
  2 leopard geckos
  4 goblins
  7 hobgoblins
  5 jackals
  2 quokkas (D:2)
  5 bats
  6 frilled lizards
  9 kobolds
  5 rats (D:2)
56 creatures vanquished.

Notes
Turn   | Place    | Note
-------+----------+-------------------------------------------
     0 | D:1      | Gumption the Centaur Hunter began the quest for the Orb.
     0 | D:1      | Reached XP level 1. HP: 17/17 MP: 1/1
   735 | D:1      | Reached XP level 2. HP: 24/24 MP: 2/2
  1703 | D:1      | Reached XP level 3. HP: 18/30 MP: 3/3
  1997 | D:2      | Reached skill level 5 in Crossbows
  1997 | D:2      | Reached skill level 1 in Armour
  1997 | D:2      | Reached skill level 1 in Shields
  2067 | D:2      | Reached XP level 4. HP: 37/37 MP: 4/4
  2519 | D:3      | Reached XP level 5. HP: 44/44 MP: 5/5
  2963 | D:3      | HP: 2/45 [wight/+3 falchion (4)]
  2963 | D:3      | Slain by a wight

Levels and vault maps discovered:
D:1:      evilmike_arrival_crescent, layout_basic
D:2:      layout_rooms
D:3:      layout_rooms, kennysheep_another_room, minmay_misc_feat_square

Skill      XL: |  1  2  3  4  5 |
---------------+----------------+-----
Crossbows      | 5 |  5.7
Armour         | 1 |  1.4
Shields        | 1 2 |  2.1
Fighting       | 3 |  3.1
Dodging        | |  1.3
Stealth        | |  0.4

Action                   |  1- 3 |  4- 6 || total
-------------------------+-------+-------++-------
Melee: Short sword       |   115 |    54 ||   169
       Kick              |    18 |     8 ||    26
 Fire: Hand crossbow     |       |    41 ||    41
  Use: Scroll            |       |     3 ||     3
  Eat: Chunk             |     2 |     3 ||     5
Armor: Leather armour    |    23 |       ||    23
       Scale mail        |    52 |    25 ||    77
Dodge: Dodged            |    41 |    21 ||    62
Block: Buckler           |     9 |     6 ||    15

Table legend:
 A = Non-vault XP
 B = Vault XP
 C = Vault XP percentage of total XP
 D = Non-vault monster count
 E = Vault monster count
 F = Vault count percentage of total count
                 A         B        C        D         E       F
            +---------+---------+-------+---------+---------+-------
      Total |     334 |       0 |   0.0 |      56 |       0 |   0.0
            +---------+---------+-------+---------+---------+-------
        D:1 |      22 |       0 |   0.0 |      12 |       0 |   0.0
        D:2 |      89 |       0 |   0.0 |      23 |       0 |   0.0
        D:3 |     223 |       0 |   0.0 |      21 |       0 |   0.0
            +---------+---------+-------+---------+---------+-------
